 Dungeon Crawl Stone Soup version 0.21-a0-270-g8204059 (webtiles) character file.

7973 Chiseanne the Grappler (level 11, 0/166 HPs)
             Began as a Troll Wanderer on Sept 14, 2017.
             Was a High Priest of Wu Jian.
             Slain by an unseen horror (5 damage)
             ... on level 10 of the Dungeon.
             The game lasted 00:27:01 (8498 turns).

Chiseanne the Grappler (Troll Wanderer)             Turns: 8498, Time: 00:27:01

Health: 0/166      AC:  7    Str: 32    XL:     11   Next: 3%
Magic:  11/11      EV: 10    Int:  9    God:    Wu Jian [*****.]
Gold:   674        SH: 13    Dex: 12    Spells: 12/12 levels left

rFire    + . .     SeeInvis .     - Unarmed
rCold    . . .     Gourm    +   x - +1 shield
rNeg     . . .     Faith    +   G - +2 robe of Plog {Str+6}
rPois    .         Spirit   .   (helmet restricted)
rElec    .         Reflect  .   (no cloak)
rCorr    .         Harm     .   (gloves unavailable)
MR       .....                  (boots unavailable)
Stlth    ..........             F - amulet of faith
HPRegen  0.77/turn              h - +1 ring of slaying
MPRegen  0.12/turn              H - ring of protection from fire

@: berserking, lethally poisoned (0 -> 0), very quick
A: unfitting armour, claws 3, fast metabolism 3, gourmand, regeneration 1,
shaggy fur 1, tough skin 2
a: Serpent's Lash, Heavenly Storm, Renounce Religion


You were on level 10 of the Dungeon.
You worshipped Wu Jian.
Wu Jian was extremely pleased with you.
You were completely stuffed.

You visited 1 branch of the dungeon, and saw 10 of its levels.
You also visited: Ossuary.

You collected 700 gold pieces.
You spent 26 gold pieces at shops.

Inventory:

Hand Weapons
 a - the +6 short sword of the Sea {elec, *Corrode rF+ rC+ Dex+3}
   (You found it on level 5 of the Dungeon)

   Occasionally, upon striking a foe, it will discharge some electrical energy
   and cause terrible harm.
   It affects your dexterity (+3).
   It protects you from fire.
   It protects you from cold.
   It may corrode you when you take damage.
 b - a +0 shortbow
Missiles
 k - 2 throwing nets
 m - 280 stones (quivered)
 n - 107 sling bullets
 q - 47 poisoned needles
 K - 18 bolts
 N - 12 tomahawks
Armour
 x - a +1 shield (worn)
 G - the +2 robe of Plog (worn) {Str+6}
   (You found it on level 7 of the Dungeon)

   It affects your strength (+6).
Jewellery
 h - a +1 ring of slaying (left claw)
 r - an uncursed amulet of harm
 s - an uncursed ring of protection from magic
 F - an amulet of faith (around neck)
 H - a ring of protection from fire (right claw)
 I - the cursed ring "Bocuocw" {rF+ AC-3 Int+4 SInv, unknown}
   (You found it on level 8 of the Dungeon)

   [ring of protection]

   It affects your AC (-3).
   It affects your intelligence (+4).
   It protects you from fire.
   It lets you see invisible.
   It has a curse placed upon it.
 L - an uncursed amulet of magic regeneration {unknown}
Wands
 M - a wand of disintegration (9/24)
Scrolls
 l - 4 scrolls of teleportation
 o - 2 scrolls of enchant armour
 y - 4 scrolls of remove curse
 E - a scroll of fog
 J - a scroll of recharging
 O - 2 scrolls of blinking
 Q - 2 scrolls of immolation
Potions
 c - a potion of heal wounds
 e - a potion of cancellation {unknown}
 i - 2 potions of lignification {unknown}
 j - 2 potions of berserk rage
 t - 2 potions of might
 u - 7 potions of curing
 v - 4 potions of magic
 z - 3 potions of flight
 A - a potion of haste {unknown}
 C - a potion of invisibility {unknown}
 D - a potion of agility {unknown}
Books
 d - Sif Muna's Volume of Intoxication

   Spells                             Type                      Level
   a - Sting                          Conjuration/Poison           1
   b - Ignite Poison                  Fire/Transmutation/Poison    3
 B - a book of Flames

   Spells                             Type                      Level
   a - Flame Tongue                   Conjuration/Fire             1
   b - Throw Flame                    Conjuration/Fire             2
   c - Conjure Flame                  Conjuration/Fire             3
   d - Inner Flame                    Hexes/Fire                   3
   e - Sticky Flame                   Conjuration/Fire             4
   f - Fireball                       Conjuration/Fire             5
Comestibles
 f - 8 fruits
 g - 10 bread rations
 p - 9 meat rations
 w - 5 royal jellies
 P - 2 chunks of flesh


   Skills:
 * Level 8.1 Fighting
   Level 1.0 Crossbows
 * Level 3.8 Throwing
 - Level 2.4 Dodging
 - Level 1.0 Stealth
 * Level 8.2 Shields
 * Level 9.3 Unarmed Combat
 - Level 1.2 Spellcasting
   Level 1.0 Poison Magic


You had 12 spell levels left.
You didn't know any spells.

Dungeon Overview and Level Annotations

Branches:
Dungeon (10/15)            Temple (0/1) D:6            Lair (0/6) D:10
    Orc (0/2) D:9

Altars:
Cheibriados
Dithmenos
Elyvilon
Fedhas
Gozag
Hepliaklqana
Makhleb
Nemelex Xobeh
Okawaru
Trog
Uskayaw
Vehumet
Wu Jian
Xom
Zin
The Shining One

Shops:
D:4 *   D:6 ?   D:7 *   D:8 :


Innate Abilities, Weirdness & Mutations

You are too large for most types of armour.
You have claws for hands.
Your metabolism is lightning-fast.
You like to eat raw meat.
Your natural rate of healing is unusually fast.
You are covered in fur. (AC +1)
You have very tough skin. (AC +2)


Message History

You feel sick. Something hits you!
* * * LOW HITPOINT WARNING * * *
You feel much better.
You feel sick. Something hits you!
* * * LOW HITPOINT WARNING * * *
Something hits you!
* * * LOW HITPOINT WARNING * * *
A red film seems to cover your vision as you go berserk!
You feel yourself moving faster!
You feel mighty! Something hits you.
* * * LOW HITPOINT WARNING * * *
Something hits you but does no damage.
You closely miss something.
You feel sick. Something hits you.
* * * LOW HITPOINT WARNING * * *
You mangle something!! Something hits you.
* * * LOW HITPOINT WARNING * * *
A hound comes into view.
The hound barks!
You mangle something!! Something hits you.
* * * LOW HITPOINT WARNING * * *
Something hits you.
You die...

..((###..# ...().#
.#..#...#### .P.PP.#
.#..##.##..[+
P.P..P#..#.....#)$.[$
#PPP†.#..#.....#.../5###
#P.......#....h#?%.(('.####...
#P†PP....#.....##?/§##........
#.PPP....#......#####.........
P..P.....#......@{hY5......###
P....#####......######.....#
.P.................. #.....#
....#........####### #.....#
....#........# ......#
....########## .[....# .....
...... ..... .....


You could see a black bear, a sky beast, a hound and a shadow imp.

Vanquished Creatures
  A two-headed ogre (D:10)
  Pikel (D:7)
  2 trolls
  Grinder (D:5)
  4 hogs
  A human (D:7)
  A hungry ghost (D:7)
  A water moccasin (D:10)
  A porcupine (D:10)
  2 slaves (D:7)
  An ice beast (D:5)
  5 orc warriors
  2 sky beasts (D:8)
  9 ogres
  2 phantoms
  5 centaurs
  4 big kobolds
  3 gnoll sergeants (D:9)
  10 bullfrogs
  9 scorpions
  3 killer bees (D:9)
  A crimson imp (D:9)
  3 bullfrog zombies
  A gnoll shaman (D:8)
  2 jellies
  4 orc wizards
  6 hounds
  4 orc priests
  2 centaur skeletons
  An iron imp (D:6)
  A statue (D:4)
  5 worker ants
  2 killer bee zombies (D:6)
  8 mummies (Ossuary)
  21 gnolls
  2 howler monkey skeletons
  17 adders
  An ooze (D:3)
  A worm (D:2)
  11 dart slugs
  5 leopard geckos
  35 orcs
  5 bats
  3 giant cockroaches
  9 goblins
  11 hobgoblins
  14 jackals
  15 kobolds
  8 quokkas
  4 frilled lizards
  2 gnoll zombies (Ossuary)
  2 goblin skeletons (D:6)
  3 hobgoblin zombies (Ossuary)
  A jackal zombie (D:5)
  2 kobold skeletons (D:6)
  3 kobold zombies
  An orc skeleton (D:6)
  2 orc zombies
  13 rats
  A fungus (D:10)
  2 plants (D:10)
302 creatures vanquished.

Vanquished Creatures (others)
  3 fungi (D:10)
3 creatures vanquished.

Grand Total: 305 creatures vanquished

Notes
Turn   | Place    | Note
-------+----------+-------------------------------------------
     0 | D:1      | Chiseanne the Troll Wanderer began the quest for the Orb.
     0 | D:1      | Chiseanne set off with: a +0 shield, a +0 shortbow, 25 arrows, Sif Muna's Volume of Intoxication, a +0 robe, a +0 club, 2 bread rations
     0 | D:1      | Reached XP level 1. HP: 19/19 MP: 1/1
     1 | D:1      | Identified Sif Muna's Volume of Intoxication
   244 | D:1      | Reached XP level 2. HP: 27/27 MP: 2/2
   302 | D:1      | Reached skill level 1 in Unarmed Combat
   785 | D:2      | Found an ornate altar of the Wu Jian Council.
   835 | D:2      | Became a worshipper of the Wu Jian Council
   949 | D:2      | Reached XP level 3. HP: 33/33 MP: 3/3
  1003 | D:2      | Found a blossoming altar of Fedhas.
  1048 | D:2      | Reached skill level 2 in Unarmed Combat
  1053 | D:2      | Reached XP level 4. HP: 11/42 MP: 4/4
  1412 | D:2      | Found a shadowy altar of Dithmenos.
  1510 | D:3      | Found a shimmering altar of Xom.
  1636 | D:2      | Reached * piety under Wu Jian
  1657 | D:3      | Reached XP level 5. HP: 44/49 MP: 5/5
  2056 | D:3      | Found an iron altar of Okawaru.
  2287 | D:4      | Found Pehamip's Practical Paraphernalia.
  2319 | D:4      | Reached skill level 3 in Unarmed Combat
  2343 | D:4      | Found a bloodstained altar of Trog.
  2357 | D:4      | Found a sparkling altar of Nemelex Xobeh.
  2429 | D:4      | Reached XP level 6. HP: 38/59 MP: 6/6
  2531 | D:4      | Found a radiant altar of Vehumet.
  2577 | D:4      | Reached ** piety under Wu Jian
  2707 | D:4      | Reached skill level 4 in Unarmed Combat
  2707 | D:4      | Reached XP level 7. HP: 36/67 MP: 7/7
  2991 | D:5      | Entered Level 5 of the Dungeon
  3261 | D:5      | Got an ancient short sword
  3365 | D:5      | Noticed Grinder
  3385 | D:5      | Killed Grinder
  3385 | D:5      | Reached skill level 5 in Unarmed Combat
  3604 | D:5      | Reached XP level 8. HP: 61/79 MP: 8/8
  3635 | D:5      | Found a hide-covered altar of Uskayaw.
  3657 | D:5      | Found a white marble altar of Elyvilon.
  3660 | D:5      | Found an opulent altar of Gozag.
  3663 | D:5      | Found a snail-covered altar of Cheibriados.
  3745 | D:5      | Reached *** piety under Wu Jian
  3769 | D:5      | Found a hazy altar of Hepliaklqana.
  3813 | D:5      | Reached skill level 5 in Shields
  3895 | D:5      | Reached skill level 5 in Fighting
  4269 | D:6      | Found a glowing golden altar of the Shining One.
  4274 | D:6      | Reached skill level 6 in Unarmed Combat
  4304 | D:6      | Found Fipeofo's Magic Scroll Shoppe.
  4337 | D:6      | Bought a scroll of identify for 26 gold pieces
  4353 | D:6      | Found a staircase to the Ecumenical Temple.
  4512 | D:6      | Found a sand-covered staircase.
  4523 | Ossuary  | Entered an ossuary
  4585 | Ossuary  | Reached **** piety under Wu Jian
  5097 | D:6      | Found a burning altar of Makhleb.
  5385 | D:7      | Reached XP level 9. HP: 66/89 MP: 9/9
  5547 | D:7      | Reached skill level 7 in Unarmed Combat
  5818 | D:7      | Got a transparent robe
  5838 | D:7      | Identified the +2 robe of Plog {Str+6} (You found it on level 7 of the Dungeon)
  6054 | D:7      | Found Zin's Purification Station.
  6059 | D:7      | Found a glowing silver altar of Zin.
  6332 | D:7      | Noticed Pikel
  6359 | D:7      | Killed Pikel
  6359 | D:7      | Reached skill level 8 in Unarmed Combat
  6648 | D:8      | Reached XP level 10. HP: 102/102 MP: 10/10
  6672 | D:8      | Reached ***** piety under Wu Jian
  6746 | D:8      | Found a glowing golden altar of the Shining One.
  6962 | D:8      | Identified the +6 short sword of the Sea {elec, *Corrode rF+ rC+ Dex+3} (You found it on level 5 of the Dungeon)
  6993 | D:8      | Got a wavering silver ring
  7080 | D:8      | Found Duuzan's Book Emporium.
  7096 | D:8      | Reached skill level 1 in Throwing
  7381 | D:9      | Found a staircase to the Orcish Mines.
  7848 | D:9      | Reached skill level 9 in Unarmed Combat
  8247 | D:10     | Entered Level 10 of the Dungeon
  8247 | D:10     | Noticed a two-headed ogre
  8253 | D:10     | Killed a two-headed ogre
  8379 | D:10     | Found a staircase to the Lair.
  8444 | D:10     | Reached XP level 11. HP: 104/111 MP: 11/11
  8498 | D:10     | HP: 5/166 [something (6)]
  8498 | D:10     | Slain by an unseen horror

Vault maps used:
D:1:      scummos_arrival_checkerplants
D:2:      marbit_many_paths, grunt_dithmenos_smoke, fedhas_altar_2
D:3:      old_standard_altar, okawaru_altar_gauntlet_db, minmay_cupped
D:4:      nemelex_xobeh_ov_fountains_minmay, lemuel_crystal_altar,
          vehumet_statue, nicolae_alphabet_shops
D:5:      corexii_shantytown, grunt_temple_overflow_cloverleaf,
          nicolae_overflow_crystal_walls, first_bread, uniq_grinder
D:6:      kennysheep_slugbush, nicolae_tso_besieged_by_evil,
          lightli_temple_of_fire, lemuel_temple_firewalk_b,
          nicolae_ossuary_entry_ruins, serial_shops, shop
D:7:      zin_purify, grunt_livestock, uniq_pikel
D:8:      serial_shops, shop, basic_altar, minivault_22
D:9:      kennysheep_orc_monster_closet_entryway, minmay_misc_feat_alley
D:10:     grunt_lair_entry_orc_guard_hut, basic_altar, minmay_joined_circles
Ossuary:  ossuary_tomb_3

Skill      XL: |  1  2  3  4  5  6  7  8  9 10 |
---------------+-------------------------------+-----
Unarmed Combat | 1 2 3 4 5 6 8 9 |  9.3
Shields        | 2 3 4 5 7 8 |  8.2
Fighting       | 2 3 4 5 7 8 |  8.1
Throwing       | 3 |  3.8
Crossbows      | |  1.0
Dodging        | |  2.4
Stealth        | |  1.0
Spellcasting   | |  1.2
Poison Magic   | |  1.0

Action                   |  1- 3 |  4- 6 |  7- 9 | 10-12 || total
-------------------------+-------+-------+-------+-------++-------
Melee: Unarmed           |    88 |   189 |   432 |   288 ||   997
Throw: Stone             |       |       |     1 |       ||     1
Invok: Serpent's Lash    |       |       |     1 |       ||     1
  Use: Scroll            |       |    10 |     9 |     5 ||    24
       Potion            |       |       |     1 |     2 ||     3
 Stab: Sleeping          |       |     4 |     6 |     2 ||    12
       Distracted        |       |       |     1 |       ||     1
  Eat: Chunk             |    15 |    16 |    43 |    17 ||    91
Armor: Robe              |    34 |    45 |    70 |    29 ||   178
Dodge: Dodged            |    32 |    57 |   126 |    52 ||   267
Block: Shield            |    36 |    85 |   182 |   153 ||   456

Table legend:
 A = Spawn XP
 B = Non-spawn XP
 C = Spawn XP percentage of total XP
 D = Spawn monster count
 E = Non-spawn monster count
 F = Spawn count percentage of total count
 G = Total turns spent on level
                    A         B        C        D         E        F      G
               +---------+---------+-------+---------+---------+-------+---------
         Total |       0 |   11390 |   0.0 |       0 |     297 |   0.0 |  8498
               +---------+---------+-------+---------+---------+-------+---------
           D:1 |       0 |      22 |   0.0 |       0 |      14 |   0.0 |   734
           D:2 |       0 |     139 |   0.0 |       0 |      22 |   0.0 |   806
           D:3 |       0 |     109 |   0.0 |       0 |      30 |   0.0 |   712
           D:4 |       0 |     571 |   0.0 |       0 |      20 |   0.0 |   739
           D:5 |       0 |    1215 |   0.0 |       0 |      40 |   0.0 |  1105
           D:6 |       0 |     467 |   0.0 |       0 |      35 |   0.0 |  1034
           D:7 |       0 |    2627 |   0.0 |       0 |      35 |   0.0 |  1059
           D:8 |       0 |    1751 |   0.0 |       0 |      36 |   0.0 |  1125
           D:9 |       0 |    2198 |   0.0 |       0 |      33 |   0.0 |   620
          D:10 |       0 |    2138 |   0.0 |       0 |      16 |   0.0 |   251
       Ossuary |       0 |     153 |   0.0 |       0 |      16 |   0.0 |   313
               +---------+---------+-------+---------+---------+-------+---------
